[Event "Early-Titled-Tuesday-Blitz-May-07-2024"]
[Site "Chess.com"]
[Date "2024.05.07"]
[Round "2"]
[White "DACF2905"]
[Black "s_stefi"]
[Result "1-0"]
[WhiteElo "2430"]
[BlackElo "1909"]
[TimeControl "180+1"]
[EndTime "8:19:51 PDT"]
[Termination "DACF2905 won by resignation"]

1. e4 e5 2. Nf3 Nc6 3. Bc4 Bc5 4. d3 Nf6 5. O-O d6 6. h3 h6 7. c3 a5 8. a4 O-O 9. Nbd2 Be6 10. Re1 Ba7 11.
Bb5 Ne7 12. Nf1 Ng6 13. Ne3 c6 14. Bc4 Bxe3 15. Bxe3 Bxc4 16. dxc4 Qe7 17. Qc2 Nh5 18. Rad1 Nhf4 19. Kh2 Qf6 20. c5 d5 21. exd5 cxd5 22.
Bxf4 Qxf4+ 23. Kg1 e4 24. Nh2 Rad8 25. Qd2 Qc7 26.
Qe3 Ne5 27. b3 Nd7 28. b4 Nf6 29. Ng4 Nxg4 30. hxg4 Rfe8 31. b5 Rc8 32. Rxd5 Red8 33. Red1 Rxd5 34. Rxd5 Qe7 35. c4 Qe6 36. g5 h5 37. Qd4 g6 38. Rd8+ Rxd8 39. Qxd8+ Kg7 40. Qd4+ Kh7 41. Qd5 Qe7 42. c6 bxc6 43. bxc6 Kg7 44.
Qd4+ Kh7 45. Qf6 Qc7 46. c5 Kg8 47. Qd6 Kh7 48. Qxc7 1-0

[Event "Early-Titled-Tuesday-Blitz-May-07-2024"]
[Site "Chess.com"]
[Date "2024.05.07"]
[Round "2"]
[White "HajiyevKanan"]
[Black "djokovic74"]
[Result "1/2-1/2"]
[WhiteElo "2573"]
[BlackElo "2814"]
[TimeControl "180+1"]
[EndTime "8:19:53 PDT"]
[Termination "Game drawn by repetition"]

1. d4 e6 2. c4 Nf6 3. Nf3 Bb4+ 4.
Bd2 Qe7 5. a3 Bxd2+ 6. Qxd2 b6 7. Nc3 Bb7 8. g3 d6 9. Bg2 Nbd7 10. O-O O-O 11. Rfe1 Ne4 12. Nxe4 Bxe4 13. Nh4 Bxg2 14. Nxg2 a5 15. b4 e5 16. e4 exd4 17. Qxd4 Ne5 18. Qc3 axb4 19. axb4 Qf6 20. Kf1 Qe6 21. c5 bxc5 22.
bxc5 Qh3 23. f3 Qxh2 24. Kf2 Rxa1 25. Rxa1 Rb8 26. Rd1 h6 27. cxd6 cxd6 28. Qc2 Nc4 29. Qxc4 Rb2+ 30. Ke3 Qxg2 31. Qc8+ Kh7 32. Qf5+ Kg8 33.
Qc8+ Kh7 34. Qf5+ Kh8 35. Qc8+ Kh7 1/2-1/2

[Event "Early-Titled-Tuesday-Blitz-May-07-2024"]
[Site "Chess.com"]
[Date "2024.05.07"]
[Round "2"]
[White "DeArron_Fox"]
[Black "GMG"]
[Result "0-1"]
[WhiteElo "2517"]
[BlackElo "2827"]
[TimeControl "180+1"]
[EndTime "8:19:53 PDT"]
[Termination "GMG won by checkmate"]

1. d4 Nf6 2. c4 e6 3. Nf3 d5 4. Nc3 Bb4 5. Qa4+ Nc6 6. e3 O-O 7. Qc2 b6 8. Bd2 Bb7 9. Bd3 Bd6 10. a3 dxc4 11. Bxc4 e5 12. O-O exd4 13. exd4 a6 14. Ba2 h6 15. Bxh6 gxh6 16. Qg6+ Kh8 17. Qxh6+ Nh7 18. Ne4 f5 19. Neg5 Qe7 20. Nh4 Rf6 21. Qh5 Qg7 22. Nf7+ Rxf7 23. Bxf7 Ne7 24. Rae1 Qg5 25.
Rxe7 Bxe7 26. Ng6+ Kg7 27. Qxg5 Bxg5 28. Ne5 Rd8 29.
f4 Bf6 30. Bc4 Rxd4 31. Be2 Nf8 32. Rc1 c5 33. g3 Bxe5 34. fxe5 Rd2 35. Bf1 Ne6 36. b4 Nd4 37. bxc5 Nf3+ 38. Kh1 Rxh2# 0-1

[Event "Early-Titled-Tuesday-Blitz-May-07-2024"]
[Site "Chess.com"]
[Date "2024.05.07"]
[Round "2"]
[White "HouseOfDurin"]
[Black "Manukyan_Artak"]
[Result "1-0"]
[WhiteElo "2222"]
[BlackElo "2542"]
[TimeControl "180+1"]
[EndTime "8:19:54 PDT"]
[Termination "HouseOfDurin won on time"]

1. d4 d5 2. Bg5 h6 3. Bh4 c5 4.
c3 Qb6 5. Qc2 Nc6 6. e3 Bf5 7.
Qxf5 Qxb2 8. Qxd5 Qxa1 9. Qb3 Rb8 10. Bb5 Rc8 11. Ne2 e6 12. O-O Be7 13. Bxe7 Nxe7 14.
Nd2 Qxf1+ 15. Kxf1 O-O 16. Bxc6 Nxc6 17. dxc5 Rc7 18. Nd4 Ne5 19. Ne4 Nd3 20. Qb5 Ne5 21. f4 Ng4 22. Ke2 Rfc8 23. Nb3 Nxh2 24. Nf2 h5 25.
Qd3 g6 26. Qd1 a5 27. a4 b6 28. Qh1 Ng4 29. Nxg4 hxg4 30. Qh4 bxc5 31. Qxg4 Rb8 32.
Nxa5 Rb2+ 33. Kf3 Ra2 34. Qg5 Rc8 35. Nc4 Rxa4 36. Nd6 Rf8 37. Qh6 Ra7 38. Ne4 f5 39. Qxg6+ Rg7 40. Qxe6+ Kh7 41. Ng5+ Kh8 42. Qh6+ Kg8 43.
Ne6 1-0

[Event "Early-Titled-Tuesday-Blitz-May-07-2024"]
[Site "Chess.com"]
[Date "2024.05.07"]
[Round "2"]
[White "vedantgoswami"]
[Black "Nf3c5"]
[Result "0-1"]
[WhiteElo "2375"]
[BlackElo "2601"]
[TimeControl "180+1"]
[EndTime "8:19:54 PDT"]
[Termination "Nf3c5 won by resignation"]

1. c4 c5 2. Nc3 Nc6 3. g3 g6 4.
Bg2 Bg7 5. Rb1 d6 6. a3 a5 7.
d3 e5 8. Nf3 Nge7 9. h4 h6 10.
Bd2 Be6 11. Qc1 Rc8 12. e4 Bg4 13. Be3 f5 14. Nh2 Bh5 15. O-O f4 16. gxf4 exf4 17. Bxf4 Ne5 18. Qe3 g5 19. hxg5 N7g6 20. Bg3 hxg5 21.
Nd5 O-O 22. f4 gxf4 23. Nxf4 Bh6 24. Bh3 Nxf4 25. Bxf4 Rxf4 26. Rf2 Rf6 27. Qg3+ Kh7 28. Bf5+ Bg6 29. Qh4 Bxf5 30. Rxf5 Rxf5 31. exf5 Qxh4 0-1

[Event "Early-Titled-Tuesday-Blitz-May-07-2024"]
[Site "Chess.com"]
[Date "2024.05.07"]
[Round "2"]
[White "Legendinunknown"]
[Black "ScofieldMichael01"]
[Result "1-0"]
[WhiteElo "2829"]
[BlackElo "2569"]
[TimeControl "180+1"]
[EndTime "8:19:55 PDT"]
[Termination "Legendinunknown won by resignation"]

1. e4 e6 2. d4 d5 3. Nc3 Nf6 4. e5 Nfd7 5. Nce2 c5 6. c3 Nc6 7. Nf3 f6 8. exf6 Nxf6 9. Nf4 Bd6 10. Bd3 cxd4 11. cxd4 O-O 12. O-O Ne4 13. Ne2 Bd7 14. Ng3 Nxg3 15. hxg3 Be8 16. Bg5 Qd7 17. Rc1 Bh5 18.
Be2 h6 19. Be3 Rf6 20. Re1 Raf8 21. Qd2 Bb4 22. Qd3 Bxe1 23. Rxe1 Bg6 24. Qb3 Be4 25.
Nd2 Bh7 26. Nf3 Qd6 27. Qxb7 Rb8 28. Qa6 Rb6 29. Qa4 Rxb2 30. Bb5 Ne7 31. Bc1 Rb1 32. Bf1 Be4 33. Nd2 Rb4 34. Qxa7 Rb8 35. Ba3 Qd8 36. Bxe7 Ra8 37. Bxd8 Rxa7 38. Bxf6 gxf6 39. Nxe4 dxe4 40.
Rxe4 Kf7 41. Bc4 1-0

[Event "Early-Titled-Tuesday-Blitz-May-07-2024"]
[Site "Chess.com"]
[Date "2024.05.07"]
[Round "2"]
[White "imdvb6307"]
[Black "Escudito"]
[Result "1-0"]
[WhiteElo "2538"]
[BlackElo "2337"]
[TimeControl "180+1"]
[EndTime "8:19:55 PDT"]
[Termination "imdvb6307 won by resignation"]

1. d4 d5 2. Nf3 e6 3. e3 c5 4. c3 Nf6 5. Nbd2 Bd6 6. Bd3 O-O 7. O-O Nc6 8. dxc5 Bxc5 9. e4 b6 10. Qe2 Bb7 11. e5 Nd7 12. b4 Be7 13. Nb3 a5 14. b5 Ncb8 15. a4 Nc5 16. Nxc5 bxc5 17. c4 dxc4 18.
Bxc4 Nd7 19. Bd3 Qc7 20. Bb2 Nb6 21. Nd2 Nd5 22. g3 Rfd8 23. Nc4 Nb4 24. Be4 Bd5 25.
Rac1 Qb7 26. Bxd5 Rxd5 27. Rfd1 Rad8 28. Nxa5 Qa8 29. Rxd5 Rxd5 30. Nc4 Qxa4 31. Nb6 Qa2 32. Nxd5 Nxd5 33. Kf1 h6 34. Qc2 Bg5 35. Ra1 Nb4 36. Rxa2 Nxc2 37. b6 Bd8 38. Ra8 1-0

[Event "Early-Titled-Tuesday-Blitz-May-07-2024"]
[Site "Chess.com"]
[Date "2024.05.07"]
[Round "2"]
[White "LeoWin2012"]
[Black "MathiasWomacka"]
[Result "0-1"]
[WhiteElo "2308"]
[BlackElo "2523"]
[TimeControl "180+1"]
[EndTime "8:19:55 PDT"]
[Termination "MathiasWomacka won by checkmate"]

1. e4 c5 2. Nf3 d6 3. c3 Nf6 4. h3 g6 5. Bd3 Bg7 6. Bc2 e5 7. O-O O-O 8. d4 exd4 9. cxd4 Nc6 10. Be3 Nb4 11. dxc5 Nxc2 12. Qxc2 dxc5 13. Bxc5 Re8 14. Nc3 Be6 15. Rad1 Qa5 16. Bd4 Rac8 17. Rfe1 Qxa2 18. Ra1 Qc4 19. Rxa7 b5 20. Qd2 b4 21. Bxf6 Bxf6 22. Nd5 Bxd5 23. exd5 Rxe1+ 24. Nxe1 Qd4 25. Qxd4 Bxd4 26. Rb7 Rc1 27. Kf1 Bxb2 28. Rxb4 Rxe1+ 29. Kxe1 Bc3+ 30. Ke2 Bxb4 31. Kd3 Kf8 32. Kc4 Be1 33. f3 Ke7 34. Kd4 Kd6 35. g4 f5 36. gxf5 gxf5 37.
f4 Bg3 38. Kc4 Bxf4 39. Kd4 Be5+ 40. Kd3 Kxd5 41. Ke3 f4+ 42. Kf3 Kd4 43. h4 h5 44.
Kf2 Ke4 45. Kg2 Ke3 46. Kf1 f3 47. Ke1 Bc3+ 48. Kf1 f2 49. Kg2 Ke2 50. Kh2 f1=Q 51. Kg3 Be5# 0-1

[Event "Early-Titled-Tuesday-Blitz-May-07-2024"]
[Site "Chess.com"]
[Date "2024.05.07"]
[Round "2"]
[White "ilya2700"]
[Black "ErikRonka"]
[Result "0-1"]
[WhiteElo "2271"]
[BlackElo "2503"]
[TimeControl "180+1"]
[EndTime "8:19:55 PDT"]
[Termination "ErikRonka won by checkmate"]

1. d4 d5 2. c4 c6 3. Nf3 Nf6 4.
Nc3 e6 5. Bg5 dxc4 6. a4 Bb4 7.
e4 Qa5 8. Bxf6 Bxc3+ 9. bxc3 Qxc3+ 10. Nd2 gxf6 11. Bxc4 Qxd4 12. O-O O-O 13. Ra3 Kh8 14. Rd3 Qe5 15. f4 Qc5+ 16. Kh1 b5 17. axb5 cxb5 18.
Ba2 Bb7 19. Rh3 Rg8 20. Rh5 Qe7 21. Rf3 Rg7 22. Qe1 f5 23. Rfh3 fxe4 24. Nxe4 f6 25.
Rh6 Nd7 26. Ng3 Rag8 27. Qa1 Qc5 28. Qe1 Qc2 29. Bb1 Qxg2# 0-1

[Event "Early-Titled-Tuesday-Blitz-May-07-2024"]
[Site "Chess.com"]
[Date "2024.05.07"]
[Round "2"]
[White "UK_23"]
[Black "JRenatoMaranhao"]
[Result "0-1"]
[WhiteElo "2439"]
[BlackElo "2114"]
[TimeControl "180+1"]
[EndTime "8:19:55 PDT"]
[Termination "JRenatoMaranhao won by resignation"]

1. e4 c6 2. Nc3 d5 3. Nf3 Bg4 4. h3 Bxf3 5. Qxf3 e6 6. Be2 Nf6 7. O-O d4 8. Nd1 Bc5 9. d3 Nbd7 10. Qg3 Qe7 11. f4 Nxe4 12. Qxg7 O-O-O 13. Kh2 Rdg8 14. Qh6 Rg6 15. Qh5 Ng3 16. Qf3 Nxf1+ 17. Qxf1 Rhg8 18.
Bf3 e5 19. f5 Rg3 20. Nf2 h5 21. Ne4 R3g7 22. f6 Nxf6 23. Bh6 Rg6 24. Bd2 Nxe4 25. Bxe4 Qh4 26. Bxg6 fxg6 27. Qf7 Rd8 28. Qxg6 e4 29. Qxe4 Bd6+ 30. Kg1 Qg3 31. Re1 Rf8 32. Qe6+ Kc7 33. Qxd6+ Kxd6 34. Bb4+ c5 35. Ba5 Qf2+ 36. Kh1 Rg8 37.
Rg1 b6 38. Be1 Qxc2 39. b4 Qxd3 40. bxc5+ bxc5 41. a4 Kd5 42. Bh4 c4 43. Be7 c3 44.
Ba3 c2 45. a5 Qd1 0-1

[Event "Early-Titled-Tuesday-Blitz-May-07-2024"]
[Site "Chess.com"]
[Date "2024.05.07"]
[Round "2"]
[White "tomesao"]
[Black "klercaku"]
[Result "1-0"]
[WhiteElo "2496"]
[BlackElo "2258"]
[TimeControl "180+1"]
[EndTime "8:19:57 PDT"]
[Termination "tomesao won on time"]

1. Nf3 d5 2. c4 dxc4 3. e3 Nf6 4. Bxc4 e6 5. O-O Be7 6. b3 O-O 7. Bb2 b6 8. Ne5 Bb7 9. f4 Nbd7 10. d4 c5 11. Nd2 Rc8 12. Ndf3 h6 13. Rc1 Be4 14. Qe2 Nxe5 15. Nxe5 Nd5 16. Bb5 Nb4 17. a3 Nc6 18. dxc5 Nxe5 19. Bxe5 Rxc5 20. Rcd1 Qa8 21. Rd7 Bf6 22.
Bxf6 gxf6 23. Qg4+ Kh7 24. Bc4 Bf5 25. Qh4 Kg7 26. g4 Bg6 27. f5 exf5 28. gxf5 Rxf5 29. Rxf5 Bxf5 30. Bxf7 Rxf7 31. Rd2 Bg6 32. Rg2 Qd5 33. Qg4 Qg5 34. Qe4 Qf5 35. Qxf5 1-0

[Event "Early-Titled-Tuesday-Blitz-May-07-2024"]
[Site "Chess.com"]
[Date "2024.05.07"]
[Round "2"]
[White "Anu-triz"]
[Black "Ivan11Martic"]
[Result "0-1"]
[WhiteElo "2314"]
[BlackElo "2607"]
[TimeControl "180+1"]
[EndTime "8:19:58 PDT"]
[Termination "Ivan11Martic won by resignation"]

1. e4 c5 2. Nf3 e6 3. c4 Nc6 4.
d4 cxd4 5. Nxd4 Nf6 6. Nc3 Bb4 7. Nxc6 bxc6 8. Bd3 e5 9. O-O Bc5 10. Kh1 d6 11. f4 Ng4 12. Qe1 h5 13. f5 h4 14. Qe2 Nf6 15. Bg5 Nh5 16. Qxh5 Rxh5 17. Bxd8 Kxd8 18. Rad1 Ke7 19. a3 h3 20. b4 hxg2+ 21. Kxg2 Be3 22. Ne2 a5 23. Rf3 Bb6 24. b5 Bb7 25. a4 cxb5 26. cxb5 d5 27. Nc3 d4 28. Nd5+ Bxd5 29. exd5 Rc8 30. Be4 Kd6 31. Rg3 Rh4 32. Re1 Rch8 33. h3 d3 34. Rxd3 Rf4 35.
Rf3 Rhh4 36. Kg3 Rxe4 37. Rc1 Kxd5 38. Rc6 Bd8 39. Rc8 Bg5 40. b6 Rb4 41. Rd3+ Rhd4 42. Rdc3 Rxb6 43. R8c5+ Ke4 44. Rxa5 Kxf5 45. Rac5 Bh4+ 0-1

[Event "Early-Titled-Tuesday-Blitz-May-07-2024"]
[Site "Chess.com"]
[Date "2024.05.07"]
[Round "2"]
[White "Arteler"]
[Black "biveklama"]
[Result "0-1"]
[WhiteElo "2339"]
[BlackElo "2538"]
[TimeControl "180+1"]
[EndTime "8:19:59 PDT"]
[Termination "biveklama won by checkmate"]

1. e4 e5 2. Nf3 Nc6 3. d4 exd4 4. Nxd4 Bc5 5. Nxc6 bxc6 6. Bd3 Nf6 7. O-O d6 8. Nd2 O-O 9. Kh1 Re8 10. f4 Ng4 11. Qe2 Qh4 12. g3 Qh3 13. Nf3 f5 14. Ng5 Qh6 15. Bc4+ d5 16. Bb3 fxe4 17. f5 Qh5 18.
Rf4 Nf6 19. Qxh5 Nxh5 20. Rxe4 Bxf5 21. Rxe8+ Rxe8 22. Bd2 Re2 23. Bc3 h6 24. Nf3 Be4 25. Rf1 Bf2 26. Kg2 Bxg3+ 27. Kh3 Bd6 28. Ne1 Nf4+ 29.
Kg4 Ne6 30. Ng2 Kh7 31. Nf4 Nxf4 32. Bd4 Rg2+ 33. Kh4 g5# 0-1

[Event "Early-Titled-Tuesday-Blitz-May-07-2024"]
[Site "Chess.com"]
[Date "2024.05.07"]
[Round "2"]
[White "kyawmyataung2005"]
[Black "lagunanivaria"]
[Result "0-1"]
[WhiteElo "2291"]
[BlackElo "2513"]
[TimeControl "180+1"]
[EndTime "8:20:00 PDT"]
[Termination "lagunanivaria won on time"]

1. e4 c6 2. d4 d5 3. Nc3 dxe4 4.
Nxe4 Nf6 5. Ng5 h6 6. N5f3 Bf5 7. Bc4 e6 8. Qe2 Nbd7 9. h3 Bd6 10. Bd2 Qc7 11. O-O-O O-O-O 12. g4 Bh7 13. g5 hxg5 14. Nxg5 Nb6 15. Bb3 Bf5 16. N1f3 Nbd5 17. Ne5 Bxe5 18. dxe5 Nh7 19. Nf3 Rd7 20. h4 Rhd8 21. h5 Ne7 22.
Bf4 Rxd1+ 23. Rxd1 Rxd1+ 24. Qxd1 Nd5 25. Bg3 Bg4 26. Qd3 Bf5 27. Qd4 Qb6 28. Qh4 Qd8 29. Qd4 Ng5 30. Nd2 Qb6 31. Qh4 Qd8 32. Qd4 Nb6 33.
Qf4 Nh3 34. Qb4 Ng1 35. Kb1 Nf3 36. Kc1 Nd4 37. Bc4 Nxc2 38. Qc3 Nd4 39. Bd3 Bxd3 40. Qxd3 Nf5 0-1

[Event "Early-Titled-Tuesday-Blitz-May-07-2024"]
[Site "Chess.com"]
[Date "2024.05.07"]
[Round "2"]
[White "UF_10"]
[Black "BeautiFullMindChess"]
[Result "1-0"]
[WhiteElo "2503"]
[BlackElo "2269"]
[TimeControl "180+1"]
[EndTime "8:20:00 PDT"]
[Termination "UF_10 won by checkmate"]

1. d4 d5 2. Nf3 Nf6 3. Bf4 c5 4.
e3 e6 5. c3 Nc6 6. Nbd2 Bd6 7.
Bg5 h6 8. Bh4 O-O 9. Bb5 Bd7 10.
Bxc6 bxc6 11. O-O cxd4 12. exd4 c5 13. Ne5 cxd4 14. Bxf6 gxf6 15. Nxd7 Qxd7 16. Qg4+ Kh7 17. Qxd4 f5 18. Nf3 Rg8 19. Rfe1 Rg4 20. Qd3 Rag8 21.
g3 Qc7 22. Kf1 Kh8 23. Rac1 f4 24. Ke2 fxg3 25. hxg3 Re4+ 26. Kd1 Rxe1+ 27. Kxe1 Rg4 28. Kd2 Qb6 29. Qe3 Qxb2+ 30. Rc2 Qb6 31. Qxh6+ Kg8 32. Ke2 Bf8 33. Qd2 Re4+ 34. Kf1 Bg7 35. Kg2 Qc6 36. Ng5 Rc4 37. Qd3 d4+ 38. Kg1 Rxc3 39. Qh7+ Kf8 40.
Qh5 Qc7 41. Rb2 Rc1+ 42. Kh2 Rc2 43. Rb8+ Ke7 44. Qxf7+ Kd6 45. Qxe6+ Kc5 46. Ne4# 1-0

[Event "Early-Titled-Tuesday-Blitz-May-07-2024"]
[Site "Chess.com"]
[Date "2024.05.07"]
[Round "2"]
[White "kritipatel"]
[Black "SilverSwords13"]
[Result "0-1"]
[WhiteElo "2172"]
[BlackElo "2470"]
[TimeControl "180+1"]
[EndTime "8:20:00 PDT"]
[Termination "SilverSwords13 won by resignation"]

1. d4 Nf6 2. Bf4 e6 3. e3 c5 4. c3 Nc6 5. Nf3 d5 6. Nbd2 Bd6 7. Bg3 O-O 8. Bd3 Qe7 9. Ne5 Nd7 10. f4 f5 11. O-O Nf6 12. Ndf3 Ne4 13. Bh4 Qe8 14.
Kh1 Nxe5 15. Nxe5 c4 16. Bxe4 fxe4 17. Qg4 Rf5 18. a4 Qh5 19. Qxh5 Rxh5 20. Bf2 Bxe5 21.
fxe5 Bd7 22. g4 Rg5 23. h3 Rf8 24. Bh4 Rg6 25. Be7 Rf7 26. Rxf7 Kxf7 27. Bd6 h5 28. Rf1+ Kg8 29. Rf8+ Kh7 30. gxh5 Rg3 31. Rf7 Bxa4 32. Rxb7 Bd1 33. Bf8 Bf3+ 34. Kh2 Rg2+ 35. Kh1 Rxb2+ 36. Kg1 Rxb7 37. Bd6 Rb2 38. Bb4 Rxb4 39. cxb4 c3 40.
Kf2 c2 41. Kg3 c1=Q 0-1

[Event "Early-Titled-Tuesday-Blitz-May-07-2024"]
[Site "Chess.com"]
[Date "2024.05.07"]
[Round "2"]
[White "Lestofante90"]
[Black "cristianserban1"]
[Result "1-0"]
[WhiteElo "2964"]
[BlackElo "2627"]
[TimeControl "180+1"]
[EndTime "8:20:01 PDT"]
[Termination "Lestofante90 won by checkmate"]

1. d4 Nf6 2. Nf3 d5 3. c4 e6 4. Nc3 Bb4 5. Qa4+ Nc6 6. Qc2 dxc4 7. e3 b5 8. a4 Ba6 9. axb5 Bxb5 10. Be2 O-O 11.
O-O a6 12. Na2 Qd5 13. Nd2 Bxd2 14. Bxd2 e5 15. Bf3 e4 16. Be2 Nd7 17. Nc3 Qg5 18. Qxe4 Rfe8 19. Qd5 Qxd5 20. Nxd5 Rec8 21. Rfc1 Nb6 22.
Bf3 Rab8 23. h4 f6 24. Nc3 Ne7 25. e4 c6 26. Be3 Kf7 27. h5 g6 28. g4 Nd7 29.
Kg2 c5 30. hxg6+ hxg6 31. Rh1 Kg7 32. d5 Ne5 33. g5 Nxf3 34. Kxf3 f5 35. Bf4 fxe4+ 36.
Nxe4 Rf8 37. Nf6 Rbd8 38. Rh7# 1-0

[Event "Early-Titled-Tuesday-Blitz-May-07-2024"]
[Site "Chess.com"]
[Date "2024.05.07"]
[Round "2"]
[White "vladgoncharov"]
[Black "Witik"]
[Result "0-1"]
[WhiteElo "2589"]
[BlackElo "2871"]
[TimeControl "180+1"]
[EndTime "8:20:02 PDT"]
[Termination "Witik won by resignation"]

1. d4 Nf6 2. c4 e6 3. Nc3 Bb4 4.
Qc2 c5 5. dxc5 Qc7 6. Nf3 Bxc5 7. e3 a6 8. Be2 b6 9. O-O Bb7 10. a3 Be7 11. b3 O-O 12. Bb2 d6 13. Rac1 Nbd7 14.
Rfd1 Rac8 15. b4 Rfe8 16. Qb3 Qb8 17. a4 a5 18. bxa5 bxa5 19. Nb5 Nc5 20. Qa2 Nfe4 21. Ba1 e5 22. Nd2 Nf6 23. Nb1 Qa8 24. Bf1 d5 25. N1c3 Red8 26. cxd5 Nxd5 27. Nxd5 Bxd5 28. Bc4 Bxg2 29. Bxf7+ Kh8 30. Bxe5 Bf3 31. Rxd8+ Rxd8 32. Nd4 Nd3 33. Rb1 Nxe5 34. Be6 Qe4 35. Nxf3 Nxf3+ 36. Kf1 Qxb1+ 37. Qxb1 Nd2+ 38. Ke2 Nxb1 0-1

[Event "Early-Titled-Tuesday-Blitz-May-07-2024"]
[Site "Chess.com"]
[Date "2024.05.07"]
[Round "2"]
[White "2Coaches1Profile"]
[Black "Smiechu"]
[Result "0-1"]
[WhiteElo "2566"]
[BlackElo "2386"]
[TimeControl "180+1"]
[EndTime "8:20:02 PDT"]
[Termination "Smiechu won by checkmate"]

1. d4 Nf6 2. Bg5 c5 3. Nc3 cxd4 4. Qxd4 Nc6 5. Qh4 d6 6. O-O-O Be6 7. e4 Qa5 8. Kb1 Rc8 9. Nge2 Nxe4 10. Nxe4 Qxa2+ 11.
Kc1 Nb4 12. N2c3 Qa1+ 13. Kd2 Qxb2 14. Bd3 h6 15. Rb1 Qa3 16. Ra1 Ba2 17. Nxd6+ exd6 18. Rhe1+ Be7 19. Rxe7+ Kf8 20. Nxa2 Nxd3 21. Rxb7 Ne5 22.
Be7+ Kg8 23. Qb4 Qa6 24. Kc1 Kh7 25. Qe4+ Ng6 26. Rab1 Rhe8 27. h4 Qxa2 28. h5 Qa3+ 29. R1b2 Qa1+ 30. Kd2 Qa5+ 31. R2b4 Qxh5 32. g4 Qh4 33.
Bxd6 Qxf2+ 34. Kc1 Rxe4 35. Rxe4 Qxc2# 0-1

[Event "Early-Titled-Tuesday-Blitz-May-07-2024"]
[Site "Chess.com"]
[Date "2024.05.07"]
[Round "2"]
[White "MatthewG-p4p"]
[Black "andrew-blr"]
[Result "1-0"]
[WhiteElo "2895"]
[BlackElo "2604"]
[TimeControl "180+1"]
[EndTime "8:20:03 PDT"]
[Termination "MatthewG-p4p won on time"]

1. f4 d5 2. Nf3 g6 3. g3 Bg7 4.
Bg2 Nf6 5. O-O O-O 6. d3 Nc6 7.
Nc3 d4 8. Ne4 Nxe4 9. dxe4 e5 10. e3 dxe3 11. Bxe3 exf4 12. Bxf4 Bxb2 13. Rb1 Bg7 14.
Qxd8 Nxd8 15. Bxc7 Ne6 16. Bd6 Rd8 17. e5 f6 18.
Rfe1 a5 19. Be7 Rd5 20. exf6 Bf8 21. Ne5 Rd2 22. c4 Nd4 23. Rbd1 Rxd1 24. Rxd1 Ne6 25. Bd5 a4 26. Rb1 Ra5 27. Rb6 Ra6 28. Rxa6 bxa6 29.
Kf2 g5 30. Ke3 h6 31. Ke4 a3 32. Kf5 Bxe7 33. fxe7 Kg7 34. Bxe6 1-0

[Event "Early-Titled-Tuesday-Blitz-May-07-2024"]
[Site "Chess.com"]
[Date "2024.05.07"]
[Round "2"]
[White "TenisMaster"]
[Black "KononenkoD"]
[Result "0-1"]
[WhiteElo "2878"]
[BlackElo "2619"]
[TimeControl "180+1"]
[EndTime "8:20:04 PDT"]
[Termination "KononenkoD won on time"]

1. e4 c6 2. d4 d5 3. e5 Bf5 4. Nf3 e6 5. c3 Ne7 6. Be2 Nd7 7. O-O c5 8. dxc5 Nc6 9. Nd4 Bxb1 10. Rxb1 Bxc5 11.
f4 O-O 12. Be3 Rc8 13. Kh1 a6 14. a3 b5 15. Bd3 Qb6 16. b4 Bxd4 17. cxd4 g6 18. Qd2 Ne7 19. g4 f5 20. exf6 Nxf6 21. Qe2 Rc3 22. f5 exf5 23. Bd2 Rxd3 24. Qxd3 Ne4 25.
Bh6 Rc8 26. Rbd1 fxg4 27. Bf4 Nf5 28. Be5 Rc3 29. Qe2 g3 30. Rc1 Re3 31. Qc2 Rc3 32. Qe2 Qc6 33. Rxc3 Qxc3 34. Qg4 Nf2+ 35. Rxf2 Qe1+ 0-1

[Event "Early-Titled-Tuesday-Blitz-May-07-2024"]
[Site "Chess.com"]
[Date "2024.05.07"]
[Round "2"]
[White "remyrushbrooke"]
[Black "GMAneta"]
[Result "0-1"]
[WhiteElo "2280"]
[BlackElo "2510"]
[TimeControl "180+1"]
[EndTime "8:20:04 PDT"]
[Termination "GMAneta won on time"]

1. Nf3 Nf6 2. g3 g6 3. Bg2 Bg7 4. d4 O-O 5. c4 d5 6. cxd5 Nxd5 7. O-O c5 8. dxc5 Na6 9. Nc3 Nxc3 10. bxc3 Bxc3 11.
Bh6 Bg7 12. Bxg7 Kxg7 13. Qc2 Bf5 14. e4 Bg4 15. Rab1 Qc7 16. Qb2+ Kg8 17. Qxb7 Qxb7 18. Rxb7 Nxc5 19. Rxe7 Rfe8 20. Rxe8+ Rxe8 21. Nd2 Rd8 22. Nc4 Be2 23. Rc1 Ne6 24. Bf1 Nd4 25. Ne3 Bf3 26.
Bd3 Bxe4 27. Bxe4 Ne2+ 28. Kg2 Nxc1 29. Bd5 Rb8 30. Kf3 Rb2 31. Ng4 Nxa2 32. Nf6+ Kg7 33. Ne8+ Kf8 34. Nd6 f5 35. Nc4 Nc3 36. Kf4 Rxf2+ 37.
Kg5 Rxh2 0-1

[Event "Early-Titled-Tuesday-Blitz-May-07-2024"]
[Site "Chess.com"]
[Date "2024.05.07"]
[Round "2"]
[White "thesupera12"]
[Black "shirovin"]
[Result "1-0"]
[WhiteElo "2446"]
[BlackElo "2073"]
[TimeControl "180+1"]
[EndTime "8:20:04 PDT"]
[Termination "thesupera12 won on time"]

1. a3 e5 2. d4 exd4 3. Qxd4 Nc6 4. Qa4 Nf6 5. Nc3 Be7 6. Bg5 O-O 7. O-O-O d6 8. Nf3 Bf5 9. e4 Bg6 10. Bb5 Nb8 11. e5 Nfd7 12. Bxe7 Qxe7 13. exd6 cxd6 14. Rhe1 Qd8 15. Rxd6 Bf5 16. Qf4 Be6 17. Nd4 a6 18. Bd3 Qc7 19. g3 Nc6 20. Nxc6 bxc6 21. Qe4 Nf6 22.
Qxc6 Qa5 23. Qa4 Qc7 24. Rc6 Qb7 25. Rxa6 Rxa6 26. Qxa6 Qc7 27. Ne4 Nxe4 28. Rxe4 Bf5 29. Rc4 Qe5 30. Kb1 Qe1+ 31. Ka2 Bxd3 32. cxd3 Qxf2 33.
Rc8 g6 34. Rxf8+ Kxf8 35. Qc8+ Kg7 36. Qc3+ Kg8 37. a4 Qxh2 38. a5 Qxg3 39. a6 Qb8 40.
Qa5 Qa7 41. b4 1-0

[Event "Early-Titled-Tuesday-Blitz-May-07-2024"]
[Site "Chess.com"]
[Date "2024.05.07"]
[Round "2"]
[White "BashirovKemal"]
[Black "Flaccidmoves"]
[Result "1-0"]
[WhiteElo "2684"]
[BlackElo "2398"]
[TimeControl "180+1"]
[EndTime "8:20:05 PDT"]
[Termination "BashirovKemal won by checkmate"]

1. e4 Nf6 2. e5 Nd5 3. d4 d6 4. c4 Nb6 5. f4 dxe5 6. fxe5 Bf5 7. Nf3 e6 8. Nc3 Bb4 9. Be3 c5 10. Be2 Nc6 11. O-O cxd4 12. Nxd4 Nxd4 13. Bxd4 O-O 14. a3 Be7 15. a4 Nd7 16. Nb5 Qb8 17. Bc3 Nxe5 18.
Qd4 Bf6 19. Qf2 Bg6 20. Rad1 a6 21. Nd6 Rd8 22. c5 b6 23. b4 bxc5 24. bxc5 Qb3 25. Ba5 Rdc8 26. Nxc8 Rxc8 27. Bxa6 Ra8 28. Qd2 h5 29. Bb5 h4 30. Bc7 h3 31. Bxe5 Bxe5 32.
Bc6 Rc8 33. Bf3 hxg2 34. Qxg2 Rxc5 35. Rd8+ Kh7 36. Qh3+ Bh5 37. Qxh5# 1-0

[Event "Early-Titled-Tuesday-Blitz-May-07-2024"]
[Site "Chess.com"]
[Date "2024.05.07"]
[Round "2"]
[White "Happy1712Drummer"]
[Black "jinxy2009"]
[Result "1/2-1/2"]
[WhiteElo "2503"]
[BlackElo "2295"]
[TimeControl "180+1"]
[EndTime "8:20:05 PDT"]
[Termination "Game drawn by repetition"]

1. e4 e5 2. Nf3 Nc6 3. Nc3 Nf6 4. d4 exd4 5. Nd5 Nxd5 6. exd5 Bb4+ 7. Bd2 Bxd2+ 8.
Qxd2 Ne7 9. Qxd4 O-O 10. Bd3 d6 11. O-O Bf5 12. Rfe1 Bxd3 13. Qxd3 Re8 14. c4 Qd7 15. Nd4 Ng6 16. b4 Rxe1+ 17. Rxe1 Re8 18. Re3 Rxe3 19. Qxe3 Ne5 20. Qe2 g6 21. h3 Qd8 22. a4 Kg7 23. a5 a6 24. f4 Nd7 25. Qb2 Qf6 26. Qf2 h5 27. b5 Nc5 28. bxa6 Nxa6 29. Nb5 Qa1+ 30.
Kh2 Qxa5 31. Qd4+ Kg8 32. Qa7 Qd2 33. Qxb7 Qxf4+ 34. Kg1 Qe3+ 35. Kf1 Qc1+ 36. Kf2 Qd2+ 37.
Kg1 Qe3+ 38. Kh2 Qf4+ 39. Kh1 Qf1+ 40. Kh2 Qf4+ 1/2-1/2

[Event "Early-Titled-Tuesday-Blitz-May-07-2024"]
[Site "Chess.com"]
[Date "2024.05.07"]
[Round "2"]
[White "kpio91"]
[Black "JiaHaoxiang"]
[Result "1-0"]
[WhiteElo "2867"]
[BlackElo "2588"]
[TimeControl "180+1"]
[EndTime "8:20:06 PDT"]
[Termination "kpio91 won by resignation"]

1. e4 c5 2. c3 Nf6 3. e5 Nd5 4. Nf3 e6 5. d4 cxd4 6. cxd4 d6 7. Bc4 Nc6 8. O-O Be7 9. Re1 O-O 10. Bxd5 exd5 11.
Nc3 Be6 12. h3 h6 13. Bf4 Re8 14. exd6 Bxd6 15. Bxd6 Qxd6 16. Rc1 Rac8 17. Qa4 a6 18. a3 Bf5 19. Rxe8+ Rxe8 20. Ne5 Bd7 21. Nxc6 Bxc6 22. Qd1 Qg6 23. Qd2 Qf5 24. Nd1 Re4 25. Nc3 Re6 26.
Ne2 Rf6 27. Ng3 Qf4 28. Qxf4 Rxf4 29. Rd1 g6 30. f3 Kf8 31. Kf2 Rf6 32. Ne2 g5 33.
Nc1 Bb5 34. Na2 Bc4 35. Nc3 Ke7 36. Rd2 Kd6 37. Nd1 Bb3 38. Ne3 Re6 39. Rd3 Ba4 40. Rc3 Bc6 41. g3 Kd7 42. h4 gxh4 43. gxh4 Rg6 44. Ng4 Kd6 45. Re3 h5 46. Ne5 Rg7 47. Nd3 Rh7 48. Nf4 Rh6 49. Re5 f6 50. Rxh5 Rxh5 51. Nxh5 Ke6 52. Kg3 Kf5 53. Ng7+ Kg6 54.
Ne6 b6 55. Kf4 a5 56. b4 axb4 57. axb4 Kh5 58. Kf5 Kxh4 59. Kxf6 Kg3 60. f4 Kf3 61. Ke5 Be8 62. f5 Bf7 63. Ng5+ 1-0